 Dungeon Crawl Stone Soup version 0.17.1-1-g73c8601 (webtiles) character file.

109 Runnr the Agent of Entropy (level 4, 7/36 HPs)
             Began as a Demonspawn Abyssal Knight on Jan 8, 2016.
             Was a Priest of Lugonu.
             Quit the game on level 2 of the Dungeon.
             The game lasted 00:05:47 (2976 turns).

Runnr the Agent of Entropy (DsAK)                   Turns: 2976, Time: 00:05:47

Health: 7/36       AC: 10    Str: 12    XL:     4   Next: 59%
Magic:  6/6        EV: 15    Int: 13    God:    Lugonu [***...]
Gold:   103        SH:  0    Dex: 19    Spells: 0 memorised, 3 levels left

rFire  . . .     SeeInvis .     a - +1 falchion
rCold  . . .     Clarity  .     l - +3 scale mail
rNeg   . . .     SustAt   .     (no shield)
rPois  .         Gourm    .     (no helmet)
rElec  .         Spirit   .     (no cloak)
rCorr  .         Warding  .     (no gloves)
rMut   .         Stasis   .     (no boots)
MR     .....                    (no amulet)
Stlth  +.........               (no ring)
                                (no ring)

@: agile, lethally poisoned (7 -> -7), not resistant to hostile enchantments,
very unstealthy
A: claws 1, rugged brown scales 1, powered by pain 1
a: Depart the Abyss, Bend Space, Banish, Renounce Religion


You were on level 2 of the Dungeon.
You worshipped Lugonu.
Lugonu was most pleased with you.
You were not hungry.

You visited 1 branch of the dungeon, and saw 3 of its levels.
You visited the Abyss 1 time.

You collected 103 gold pieces.

Inventory:

Hand Weapons
 a - a +1 falchion (weapon)
Missiles
 g - 14 poisoned needles
Armour
 l - a +3 scale mail (worn)
Scrolls
 c - a scroll of blinking {unknown}
 d - a scroll of remove curse {unknown}
 e - a scroll of enchant armour {unknown}
 h - a scroll of identify {unknown}
Comestibles
 j - a meat ration
 k - 5 chunks of flesh


   Skills:
 + Level 3.5 Fighting
 - Level 2.3 Long Blades
 + Level 2.4 Armour
 + Level 1.9 Dodging
 + Level 0.3 Unarmed Combat
 + Level 3.7 Invocations


You had 3 spell levels left.
You didn't know any spells.

Dungeon Overview and Level Annotations

Branches:
Dungeon (3/15)

Altars:
Sif Muna
The Shining One

Annotations:
D:3 Sigmund


Innate Abilities, Weirdness & Mutations

You have sharp fingernails.
You are partially covered in rugged brown scales (AC +1, +3% HP).
You sometimes gain a little power by taking damage.


Message History

* * * LOW HITPOINT WARNING * * *
You feel sick.
There is a stone staircase leading up here.
* * * LOW HITPOINT WARNING * * *
You feel sick.
You climb upwards.
* * * LOW HITPOINT WARNING * * *
You feel sick.
There is a stone staircase leading down here.
Unknown command.
Read which item? (? for menu, Esc to quit)
Okay, then.
Read which item? (? for menu, Esc to quit)
Okay, then.
Read which item? (? for menu, Esc to quit)
Okay, then.
You aren't carrying any potions.
Quiver which item? (- for none, * to show all) (? for menu, Esc to quit)
Okay, then.
Are you sure you want to abandon this character and quit the game? (Confirm with "yes".)

...##...#'###.##.##.#<# #.#
...#....#.###.##.##.### #.#
...#<...#...#.##.##.# ####.#
...##...###.#.##.##.# #....#
...#(....[..#..#.##.# #.####
#'##........##.#.##.# #.#
#_#########.##.#.##.# #.#
###########.##.#.##.# #.#
................@.#.# #.#
###.###)###.....#.#.#######.#
# #.# #.# #..##.#.#.........#
###.# #.###...#.#.###########
..#.# #.......#.#.# #.#.#
#.#####.#.#.# #.#.# #.#
#...#.# #.#.###.#########.#
#.#...............##########


There were no monsters in sight!

Vanquished Creatures
  5 adders (D:2)
  A giant gecko (D:1)
  4 giant cockroaches (D:1)
  7 goblins
  8 hobgoblins
  10 jackals
  8 bats
  4 giant newts
  7 kobolds
  3 rats
57 creatures vanquished.

Notes
Turn   | Place    | Note
--------------------------------------------------------------
     0 | Abyss:1  | Runnr the Demonspawn Abyssal Knight began the quest for the Orb.
     0 | Abyss:1  | Reached XP level 1. HP: 18/18 MP: 2/2
    22 | Abyss:1  | Found a corrupted altar of Lugonu.
    37 | Abyss:1  | Found a corrupted altar of Lugonu.
    45 | D:1      | Escaped the Abyss
    83 | D:1      | Reached skill level 1 in Dodging
   133 | D:1      | Gained mutation: You sometimes gain a little power by taking damage. [demonic ancestry]
   133 | D:1      | Reached XP level 2. HP: 22/24 MP: 4/4
   184 | D:1      | Reached ** piety under Lugonu
   419 | D:1      | Gained mutation: You have sharp fingernails. [demonic ancestry]
   419 | D:1      | Reached XP level 3. HP: 26/29 MP: 5/5
  1511 | D:2      | Found a deep blue altar of Sif Muna.
  1635 | D:2      | Gained mutation: You are partially covered in rugged brown scales (AC +1, +3% HP). [demonic ancestry]
  1635 | D:2      | Reached XP level 4. HP: 15/36 MP: 6/6
  1945 | D:2      | Found a glowing golden altar of the Shining One.
  2221 | D:2      | HP: 1/36 [poisoned by an adder]
  2936 | D:3      | Noticed Sigmund
  2938 | D:3      | Reached *** piety under Lugonu
  2976 | D:2      | Quit the game

Action                   |  1- 3 |  4- 6 || total
-------------------------+-------+-------++-------
Melee: Falchion          |   180 |    80 ||   260
  Use: Potion            |     2 |     2 ||     4
  Eat: Chunk             |     2 |       ||     2
       Bread ration      |       |     1 ||     1
       Beef jerky        |       |     1 ||     1
